AoeStats
← Экзит Венчурович

Arena

510643583Analyzed
1v1 RM · 20h ago on Oct 1, 2026· 18m 23s· 2 players
Game mode
Random Map
Map size
Tiny (2 player)
Population
200
Speed
Normal
Resources
Standard
Victory
Conquest
Starting age
Dark Age
Ending age
Imperial Age
RankedLock teamsTeams togetherTeam positionsShared explorationLock speedFull tech treeHidden civsTurbo modeCheats
Victory
Defeat
940
+18
🇺🇦 Saxons · Ukraine
974
-18
Экзит Венчурович
12:25 Feudal Age
11:01 Loom
13:16 Loom
15:38 Castle Age
16:50 Double-Bit Axe
16:47 Horse Collar
18:50 Bow Saw
cookie
9:48 Feudal Age
10:35 Double-Bit Axe
16:31 Castle Age
14:43 Horse Collar
17:24 Stone Mining
18:02 Loom
Connection lost

Rejoining the realm…

Still unreachable

The connection could not be restored.

Session expired

The server has moved on; the page needs a fresh start.